AoeStats
← _Orca_

Black Forest

507243471Analyzed
4v4 RM · 14d ago on Sep 17, 2026· 55m 43s· 8 players
Game mode
Random Map
Map size
Large (8 player)
Population
200
Speed
Normal
Resources
Standard
Victory
Conquest
Starting age
Dark Age
Ending age
Imperial Age
RankedLock teamsTeams togetherTeam positionsShared explorationLock speedFull tech treeHidden civsTurbo modeCheats
Victory
Defeat
🇺🇸 Ethiopians · United States
1482
+13
🇺🇸 Dravidians · United States
1433
+15
🇪🇸 Saracens · Spain
1328
+19
🇫🇮 Vietnamese · Finland
1319
+19
🇨🇳 Mongols · China
1492
-20
🇭🇰 Koreans · Hong Kong SAR China
1402
-17
🇧🇩 Saracens · Bangladesh
1389
-16
🇻🇳 Japanese · Vietnam
1325
-13
123456
11:31 Feudal Age
12:11 Double-Bit Axe
14:51 Castle Age
12:48 Horse Collar
15:58 Bow Saw
21:59 Wheelbarrow
21:18 Loom
21:19 Town Watch
24:57 Hand Cart
30:02 Imperial Age
27:41 Scale Barding Armor
27:47 Forging
27:50 Masonry
30:14 Iron Casting
30:04 Chain Barding Armor
30:35 Fletching
31:50 Chemistry
31:10 Ballistics
30:17 Onager
31:37 Heavy Plow
33:27 Conscription
33:39 Drill
33:26 Caravan
33:24 Siege Onager
36:40 Siege Engineers
36:11 Capped Ram
37:45 Coinage
37:14 Elite Steppe Lancer
38:10 Bloodlines
38:01 Husbandry
38:05 Light Cavalry
38:46 Hussar
47:11 Siege Ram
kinwaleung18
0:57 Loom
11:02 Feudal Age
16:56 Castle Age
14:46 Double-Bit Axe
15:03 Horse Collar
18:23 Bow Saw
23:03 Wheelbarrow
23:42 Gold Mining
28:32 Imperial Age
26:02 Gold Mining
26:22 Stone Mining
27:27 Hand Cart
27:11 Treadmill Crane
28:55 Heavy Plow
30:33 Two-Man Saw
30:49 Chemistry
30:35 Town Watch
31:12 Guilds
32:44 Siege Engineers
35:14 Ballistics
34:50 Fletching
35:30 Heavy Rocket Cart
36:21 Eupseong
36:16 Arrowslits
36:42 Masonry
36:28 Murder Holes
36:33 Bodkin Arrow
37:33 Shinkichon
38:27 Architecture
38:17 Bracer
40:35 Caravan
44:39 Gold Shaft Mining
46:53 Elite Fire Lancer
47:39 Squires
47:00 Pikeman
47:31 Elite Skirmisher
48:16 Thumb Ring
50:04 Architecture
50:16 Scale Mail Armor
50:27 Forging
51:02 Arson
51:03 Gambesons
51:40 Chain Mail Armor
51:49 Pikeman
53:24 Halberdier
54:54 Plate Mail Armor
_Orca_
7:47 Loom
10:30 Feudal Age
15:58 Castle Age
14:00 Double-Bit Axe
14:34 Fletching
15:40 Horse Collar
16:40 Gold Mining
17:42 Crossbowman
23:03 Bodkin Arrow
23:57 Bow Saw
24:52 Town Watch
28:32 Wheelbarrow
37:02 Imperial Age
35:35 Thumb Ring
37:06 Arbalester
37:48 Bracer
37:48 Padded Archer Armor
37:46 Elite Skirmisher
40:59 Leather Archer Armor
42:58 Ring Archer Armor
42:50 Ballistics
43:51 Gold Shaft Mining
43:07 Stone Mining
43:20 Heavy Plow
44:36 Elite Mameluke
46:01 Conscription
47:04 Hoardings
46:36 Scale Barding Armor
46:42 Forging
47:11 Bloodlines
47:02 Husbandry
47:46 Chain Barding Armor
48:57 Chemistry
47:39 Treadmill Crane
48:05 Siege Engineers
49:03 Chemistry
48:16 Masonry
48:01 Murder Holes
50:05 Plate Barding Armor
50:06 Iron Casting
52:10 Caravan
52:41 Coinage
53:42 Blast Furnace
54:08 Two-Man Saw
54:54 Banking
54:57 Counterweights
54:57 Bimaristan
56:06 Scale Mail Armor
bina
9:16 Feudal Age
9:21 Man-at-Arms
10:19 Arson
11:13 Fletching
14:26 Padded Archer Armor
14:55 Loom
16:44 Double-Bit Axe
25:45 Castle Age
24:08 Gold Mining
24:25 Arson
24:45 Scale Mail Armor
24:45 Stone Mining
25:50 Scale Mail Armor
26:50 Bow Saw
27:56 Pikeman
28:37 Squires
29:40 Husbandry
32:53 Wheelbarrow
36:03 Bodkin Arrow
36:24 Leather Archer Armor
36:10 Scale Mail Armor
36:21 Forging
36:10 Elite Skirmisher
36:23 Crossbowman
41:46 Imperial Age
39:25 Gambesons
39:26 Arson
40:09 Thumb Ring
40:30 Guard Tower
40:42 Horse Collar
41:19 Chain Mail Armor
42:52 Iron Casting
42:42 Bracer
44:13 Ring Archer Armor
44:43 Hand Cart
44:56 Town Watch
PaRappa56
1:10 Loom
13:26 Feudal Age
15:37 Town Watch
17:59 Castle Age
18:08 Double-Bit Axe
18:04 Horse Collar
18:21 Town Watch
19:10 Fletching
19:59 Wheelbarrow
19:37 Bow Saw
25:50 Heavy Plow
25:46 Gold Mining
25:54 Stone Mining
27:16 Town Patrol
28:07 Bodkin Arrow
31:31 Imperial Age
30:25 Scale Mail Armor
30:35 Forging
30:48 Squires
31:46 Chain Mail Armor
33:31 Chemistry
35:10 Halberdier
37:48 Siege Engineers
38:49 Hand Cart
39:33 Plate Mail Armor
40:41 Iron Casting
41:46 Guard Tower
42:17 Ballistics
41:53 Murder Holes
42:08 Masonry
41:55 Bodkin Arrow
43:01 Blast Furnace
44:41 Onager
52:03 Arson
53:27 Two-Man Saw
53:05 Conscription
Simon
0:43 Loom
10:34 Feudal Age
10:36 Man-at-Arms
40:40 Double-Bit Axe
45:32 Wheelbarrow
51:12 Castle Age
49:19 Horse Collar
52:14 Hand Cart
52:29 Bow Saw
52:30 Heavy Plow
VaultBoy
7:03 Loom
11:58 Feudal Age
12:54 Double-Bit Axe
13:30 Horse Collar
16:00 Castle Age
15:07 Gold Mining
17:04 Forging
17:21 Bow Saw
23:21 Wheelbarrow
24:12 Stone Mining
28:23 Iron Casting
30:20 Scale Barding Armor
33:08 Imperial Age
31:02 Bloodlines
31:55 Hand Cart
32:08 Chain Barding Armor
32:11 Husbandry
33:14 Capped Ram
34:34 Plate Barding Armor
35:38 Blast Furnace
35:27 Conscription
36:58 Elite Mameluke
40:16 Siege Ram
42:34 Caravan
42:50 Onager
45:50 Chemistry
45:18 Fletching
53:01 Coinage
53:43 Bodkin Arrow
54:55 Siege Onager
Yasuo, the Unforgiven
4:39 Loom
10:19 Feudal Age
10:48 Double-Bit Axe
15:54 Castle Age
14:00 Horse Collar
17:03 Bow Saw
18:28 Wheelbarrow
19:57 Stone Mining
21:44 Heavy Plow
23:16 Gold Mining
28:19 Imperial Age
26:07 Fletching
27:02 Ballistics
27:03 Bodkin Arrow
27:38 Padded Archer Armor
28:58 Leather Archer Armor
30:03 Chemistry
29:36 Hand Cart
29:25 Bracer
30:23 Elite Rattan Archer
32:06 Ring Archer Armor
32:23 Siege Engineers
34:28 Two-Man Saw
36:44 Caravan
38:37 Hoardings
41:53 Treadmill Crane
43:18 Guilds
44:33 Crop Rotation
44:51 Scale Barding Armor
46:39 Bloodlines
46:55 Husbandry
46:58 Elite Battle Elephant
47:51 Forging
48:50 Chain Barding Armor
48:57 Chatras
50:07 Plate Barding Armor
51:15 Iron Casting
54:58 Paper Money
Connection lost

Rejoining the realm…

Still unreachable

The connection could not be restored.

Session expired

The server has moved on; the page needs a fresh start.